3L
LAS VEGAS FLAMINGOS @ ATHLETIC CLUB KC
06/29/2024
 
TOP OF THE 1ST
Las Vegas Flamingos batting - Pitching for Athletic Club KC : RHP John Kaufman
Pitching: RHP John Kaufman
Batting: RHB Sake van Arem 0-0: Ground out 5-3 (Groundball, 5)
Batting: LHB Job Pels 0-0: Foul Ball, location: 2F
0-1: Ball
1-1: Ball
2-1: Ball
3-1: Base on Balls
Batting: LHB Victor Adams 0-0: Ball
1-0: Foul Ball, location: 2F
1-1: Ball
Job Pels steals 2nd base
2-1: Swinging Strike
2-2: Ball
3-2: Foul Ball, location: 2F
3-2: Ground out 4-3 (Groundball, 4M)
Job Pels to third
Batting: LHB Chris McKinney 0-0: Swinging Strike
0-1: Ball
1-1: Foul Ball, location: 2F
1-2: Strikes out swinging
Top of the 1st over - 0 run(s), 0 hit(s), 0 error(s), 1 left on base; Las Vegas 0 - Athletic Club KC 0
BOTTOM OF THE 1ST
Athletic Club KC batting - Pitching for Las Vegas Flamingos : RHP John Brown
Pitching: RHP John Brown
Batting: LHB Thatcher Douglas 0-0: Foul Ball, location: 2F
0-1: Ball
1-1: Ball
2-1: Fly out, F8 (Flyball, 8RXD)
Batting: SHB David Henderson 0-0: Swinging Strike
0-1: Ball
1-1: Called Strike
1-2: Strikes out swinging
Batting: RHB David Edwards 0-0: Swinging Strike
0-1: Ground out 4-3 (Groundball, 4)
Bottom of the 1st over - 0 run(s), 0 hit(s), 0 error(s), 0 left on base; Las Vegas 0 - Athletic Club KC 0
TOP OF THE 2ND
Las Vegas Flamingos batting - Pitching for Athletic Club KC : RHP John Kaufman
Batting: RHB John Aston 0-0: Ball
1-0: Ball
2-0: Called Strike
2-1: Foul Ball, location: 2F
2-2: Ground out 6-3 (Groundball, 6M)
Batting: LHB Takahiro Harada 0-0: Called Strike
0-1: Ball
1-1: Ball
2-1: SINGLE (Flyball, 8LS)
Batting: RHB Ángel López 0-0: Called Strike
0-1: SINGLE (Line Drive, 56)
Takahiro Harada to second
Batting: RHB Terry Sylvester 0-0: Fly out, F8 (Flyball, 8LM)
Batting: LHB José Meléndez 0-0: Ball
1-0: Called Strike
1-1: Foul Ball, location: 2F
1-2: Strikes out swinging passed ball, reaches first!
Takahiro Harada to third
Ángel López to second
Batting: RHB Sake van Arem 0-0: DOUBLE (Line Drive, 7LM)
Takahiro Harada scores
Ángel López scores
José Meléndez to third
Runner from 3rd tries for Home, throw and OUT!
Top of the 2nd over - 2 run(s), 3 hit(s), 0 error(s), 1 left on base; Las Vegas 2 - Athletic Club KC 0
BOTTOM OF THE 2ND
Athletic Club KC batting - Pitching for Las Vegas Flamingos : RHP John Brown
Batting: RHB John Downing 0-0: Foul Ball, location: 2F
0-1: SINGLE (Flyball, 8LS)
Batting: RHB Ramón Souza 0-0: Ball
1-0: Called Strike
1-1: Foul Ball, location: 2F
1-2: Ball
2-2: Grounds into double play, 6-4-3 (Groundball, 6M)
Batting: LHB Kelly Brown 0-0: Ground out 3-1 (Groundball, 34S)
Bottom of the 2nd over - 0 run(s), 1 hit(s), 0 error(s), 0 left on base; Las Vegas 2 - Athletic Club KC 0
TOP OF THE 3RD
Las Vegas Flamingos batting - Pitching for Athletic Club KC : RHP John Kaufman
Batting: LHB Job Pels 0-0: SINGLE (Flyball, 8RS)
Batting: LHB Victor Adams 0-0: Ball
1-0: Grounds out, U3 (Groundball, 3L)
Batting: LHB Chris McKinney 0-0: Swinging Strike
0-1: Ball
1-1: Swinging Strike
1-2: Foul Ball, location: 2F
1-2: Fly out, F9 (Flyball, 89D)
Runner from 2nd tags up, SAFE at 3rd, no throw
Batting: RHB John Aston 0-0: Ball
1-0: Ball
2-0: Ball
3-0: Base on Balls
Batting: LHB Takahiro Harada 0-0: Ball
1-0: Fly out, F9 (Flyball, 9M)
Top of the 3rd over - 0 run(s), 1 hit(s), 0 error(s), 2 left on base; Las Vegas 2 - Athletic Club KC 0
BOTTOM OF THE 3RD
Athletic Club KC batting - Pitching for Las Vegas Flamingos : RHP John Brown
Batting: SHB Pedro Vázquez 0-0: Fly out, F7 (Line Drive, 78M)
Batting: RHB Jason Dunn 0-0: Foul Ball, location: 2F
0-1: Called Strike
0-2: Foul Ball, location: 2F
0-2: Strikes out swinging, 2-3 out at first.
Batting: RHB Michael Walker 0-0: Swinging Strike
0-1: Ball
1-1: Called Strike
1-2: Strikes out swinging
Bottom of the 3rd over - 0 run(s), 0 hit(s), 0 error(s), 0 left on base; Las Vegas 2 - Athletic Club KC 0
TOP OF THE 4TH
Las Vegas Flamingos batting - Pitching for Athletic Club KC : RHP John Kaufman
Batting: RHB Ángel López 0-0: Hit by Pitch
Batting: RHB Terry Sylvester 0-0: Called Strike
0-1: Swinging Strike
0-2: Ball
1-2: Foul Ball, location: 2F
1-2: Ball
2-2: Strikes out swinging
Batting: LHB José Meléndez 0-0: Called Strike
Ángel López steals 2nd base
0-1: Ball
1-1: DOUBLE (Line Drive, 3D)
Ángel López scores
Batting: RHB Sake van Arem 0-0: Swinging Strike
0-1: Ground out 4-3 (Groundball, 4)
José Meléndez to third
Batting: LHB Job Pels 0-0: Fly out, F8 (Flyball, 8LS)
Top of the 4th over - 1 run(s), 1 hit(s), 0 error(s), 1 left on base; Las Vegas 3 - Athletic Club KC 0
BOTTOM OF THE 4TH
Athletic Club KC batting - Pitching for Las Vegas Flamingos : RHP John Brown
Batting: LHB Thatcher Douglas 0-0: Ball
1-0: Swinging Strike
1-1: Swinging Strike
1-2: Foul Ball, location: 2F
1-2: Ground out U3 (Groundball, 3)
Batting: SHB David Henderson 0-0: Called Strike
0-1: Ball
1-1: Fly out, F9 (Flyball, 9LS)
Batting: RHB David Edwards 0-0: Foul Ball, location: 2F
0-1: SINGLE (Flyball, 8LS)
Batting: RHB John Downing 0-0: Ball
1-0: Ball
2-0: Ball
3-0: Called Strike
3-1: Foul Ball, location: 2F
3-2: Foul Ball, location: 2F
3-2: Base on Balls
David Edwards to second
Batting: RHB Ramón Souza 0-0: Ball
1-0: Ball
2-0: Foul Ball, location: 2F
2-1: Ball
3-1: Swinging Strike
3-2: Strikes out looking
Bottom of the 4th over - 0 run(s), 1 hit(s), 0 error(s), 2 left on base; Las Vegas 3 - Athletic Club KC 0
TOP OF THE 5TH
Las Vegas Flamingos batting - Pitching for Athletic Club KC : RHP John Kaufman
Batting: LHB Victor Adams 0-0: Ball
1-0: Ball
2-0: Foul Ball, location: 2F
2-1: Hit by Pitch
Batting: LHB Chris McKinney 0-0: Ball
1-0: Foul Ball, location: 2F
1-1: Fly out, F7 (Flyball, 7M)
Batting: RHB John Aston 0-0: Foul Ball, location: 2F
0-1: Ball
1-1: Grounds into double play, U6-3 (Groundball, 6M)
Top of the 5th over - 0 run(s), 0 hit(s), 0 error(s), 0 left on base; Las Vegas 3 - Athletic Club KC 0
BOTTOM OF THE 5TH
Athletic Club KC batting - Pitching for Las Vegas Flamingos : RHP John Brown
Batting: LHB Kelly Brown 0-0: Ball
1-0: Ball
2-0: Called Strike
2-1: DOUBLE (Groundball, 3L)
Batting: SHB Pedro Vázquez 0-0: Called Strike
0-1: Ball
1-1: Ball
Wild Pitch!
Kelly Brown to third
2-1: 2-RUN HOME RUN (Flyball, 8RXD), Distance : 442 ft
Batting: RHB Jason Dunn 0-0: Ball
1-0: Called Strike
1-1: Ball
2-1: Foul Ball, location: 2F
2-2: Ball
3-2: Base on Balls
Batting: RHB Michael Walker 0-0: Bunted foul
0-1: Ball
1-1: Bunted foul
1-2: Ball
Jason Dunn steals 2nd base
2-2: Ball
3-2: Ground out 5-3 (Groundball, 5)
Batting: LHB Thatcher Douglas 0-0: Fly out, F3 (Line Drive, 3)
0-0: Fly out, F3 (Line Drive, 3)
Batting: SHB David Henderson 0-0: Ball
1-0: Called Strike
1-1: Ball
2-1: 2-RUN HOME RUN (Flyball, 89XD), Distance : 437 ft
Batting: RHB David Edwards 0-0: Ball
1-0: Ball
2-0: Called Strike
2-1: Ball
3-1: Fly out, F7 (Flyball, 7D)
Bottom of the 5th over - 4 run(s), 3 hit(s), 0 error(s), 0 left on base; Las Vegas 3 - Athletic Club KC 4
TOP OF THE 6TH
Las Vegas Flamingos batting - Pitching for Athletic Club KC : RHP John Kaufman
Batting: LHB Takahiro Harada 0-0: Called Strike
0-1: Swinging Strike
0-2: Ground out 5-3 (Groundball, 5)
Batting: RHB Ángel López 0-0: Ball
1-0: Called Strike
1-1: Ball
2-1: Foul Ball, location: 2F
2-2: Foul Ball, location: 2F
2-2: Strikes out swinging
Batting: RHB Terry Sylvester 0-0: Ball
1-0: Ball
2-0: Swinging Strike
2-1: Swinging Strike
2-2: Foul Ball, location: 2F
2-2: Foul Ball, location: 2F
2-2: Foul Ball, location: 2F
2-2: Strikes out swinging
Top of the 6th over - 0 run(s), 0 hit(s), 0 error(s), 0 left on base; Las Vegas 3 - Athletic Club KC 4
BOTTOM OF THE 6TH
Athletic Club KC batting - Pitching for Las Vegas Flamingos : RHP John Brown
Batting: RHB John Downing 0-0: Called Strike
0-1: Ball
1-1: Foul Ball, location: 2F
1-2: Foul Ball, location: 2F
1-2: Ball
2-2: Foul Ball, location: 2F
2-2: Foul Ball, location: 2F
2-2: Foul Ball, location: 2F
2-2: Foul Ball, location: 2F
2-2: Ball
3-2: Fly out, F5 (Popup, 25F)
Batting: RHB Ramón Souza 0-0: Ground out 1-3 (Groundball, 15S)
Batting: LHB Kelly Brown 0-0: Fly out, F4 (Popup, 4MS)
Bottom of the 6th over - 0 run(s), 0 hit(s), 0 error(s), 0 left on base; Las Vegas 3 - Athletic Club KC 4
TOP OF THE 7TH
Las Vegas Flamingos batting - Pitching for Athletic Club KC : RHP John Kaufman
Batting: LHB José Meléndez 0-0: Swinging Strike
0-1: Ball
1-1: SINGLE (Groundball, 34D)
Batting: RHB Sake van Arem 0-0: Bunted foul
0-1: Bunt missed!
0-2: DOUBLE (Groundball, 5L)
José Meléndez to third
Pinch Hitting: LHB Sixto Álvarez 0-0: Ball
1-0: Ball
2-0: Ball
3-0: Called Strike
3-1: Base on Balls
Batting: LHB Victor Adams 0-0: Ball
1-0: Foul Ball, location: 2F
1-1: Fly out, F7 (Flyball, 78M)
1-1: Fly out, F7 (Flyball, 78M)
Batting: LHB Chris McKinney 0-0: Called Strike
0-1: Ball
1-1: Ball
2-1: Ball
3-1: Fly out, F4 (Popup, 4MD)
Batting: RHB John Aston 0-0: Ball
1-0: Called Strike
1-1: Ball
2-1: Swinging Strike
2-2: Foul Ball, location: 2F
2-2: SINGLE (Groundball, 6M)
José Meléndez scores
Sake van Arem to third
Sixto Álvarez to second
Runner from 3rd tries for Home, SAFE, no throw or cutoff
Pinch Runner at 2nd Wilbert Carter:
Batting: LHB Takahiro Harada 0-0: Called Strike
0-1: Swinging Strike
0-2: Strikes out looking
Top of the 7th over - 2 run(s), 3 hit(s), 0 error(s), 2 left on base; Las Vegas 5 - Athletic Club KC 4
BOTTOM OF THE 7TH
Athletic Club KC batting - Pitching for Las Vegas Flamingos : RHP John Brown
Now at 2B: Wilbert Carter
Batting: SHB Pedro Vázquez 0-0: Ball
1-0: Ground out 4-3 (Groundball, 4)
Batting: RHB Jason Dunn 0-0: SINGLE (Line Drive, 4D)
Batting: RHB Michael Walker 0-0: Ball
1-0: Ball
2-0: Swinging Strike
2-1: Ball
3-1: Base on Balls
Jason Dunn to second
Batting: LHB Thatcher Douglas 0-0: Called Strike
Jason Dunn is caught stealing 3rd base
Michael Walker to second
0-1: Foul Ball, location: 2F
0-2: Ball
1-2: Foul Ball, location: 2F
1-2: 2-RUN HOME RUN (Flyball, 9D), Distance : 400 ft
Pitching: LHP Shunen Takahashi
Batting: SHB David Henderson 0-0: Ball
1-0: Called Strike
1-1: Ball
2-1: Fly out, F9 (Line Drive, 9S)
Bottom of the 7th over - 2 run(s), 2 hit(s), 0 error(s), 0 left on base; Las Vegas 5 - Athletic Club KC 6
TOP OF THE 8TH
Las Vegas Flamingos batting - Pitching for Athletic Club KC : RHP John Kaufman
Pitching: RHP Ole Kos
Batting: RHB Ángel López 0-0: Called Strike
0-1: Foul Ball, location: 2F
0-2: Strikes out swinging
Pitching: RHP Pedro Ramírez
Batting: RHB Terry Sylvester 0-0: Called Strike
0-1: Swinging Strike
0-2: Strikes out swinging
Pitching: LHP Michael Rondeau
Batting: LHB José Meléndez 0-0: Ball
1-0: SINGLE (Line Drive, 4D)
Pitching: LHP Arnaldo Bodabalho
Batting: RHB Sake van Arem 0-0: Ball
1-0: Foul Ball, location: 2F
1-1: Ball
2-1: Ball
3-1: Fly out, F7 (Popup, 6D)
Top of the 8th over - 0 run(s), 1 hit(s), 0 error(s), 1 left on base; Las Vegas 5 - Athletic Club KC 6
BOTTOM OF THE 8TH
Athletic Club KC batting - Pitching for Las Vegas Flamingos : LHP Shunen Takahashi
Batting: RHB David Edwards 0-0: Called Strike
0-1: Ground out 6-3 (Groundball, 6)
Batting: RHB John Downing 0-0: Called Strike
0-1: Swinging Strike
0-2: Foul Ball, location: 2F
0-2: Strikes out swinging
Batting: RHB Ramón Souza 0-0: Ball
1-0: Swinging Strike
1-1: Ball
2-1: Swinging Strike
2-2: Foul Ball, location: 2F
2-2: Strikes out swinging
Bottom of the 8th over - 0 run(s), 0 hit(s), 0 error(s), 0 left on base; Las Vegas 5 - Athletic Club KC 6
TOP OF THE 9TH
Las Vegas Flamingos batting - Pitching for Athletic Club KC : LHP Arnaldo Bodabalho
Pitching: RHP Gene Kirkland
Pinch Hitting: RHB Jeff Young 0-0: Ball
1-0: Ball
2-0: Called Strike
2-1: SINGLE (Line Drive, 8LS)
Batting: LHB Victor Adams 0-0: Fly out, F7 (Popup, 56D)
Batting: LHB Chris McKinney 0-0: Grounds into double play, U3-6 (Groundball, 3L)
Top of the 9th over - 0 run(s), 1 hit(s), 0 error(s), 0 left on base; Las Vegas 5 - Athletic Club KC 6
This league is powered by Out of the Park Baseball, the baseball management simulation game for PC, Mac and Linux
Monday, October 3rd, 2016 - OOTP Baseball 16.9 Build 39